 Dungeon Crawl Stone Soup version 0.30-b1-2-g02819fbbbe (webtiles) character file.

Game seed: 11142313367731174100

134702 raph the Executioner (level 16, -9/146 HPs)
             Began as a Minotaur Berserker on June 10, 2023.
             Was a High Priest of Trog.
             Killed from afar by a will-o-the-wisp (11 damage)
             ... with a foxfire
             ... on level 1 of the Swamp.
             The game lasted 00:39:57 (31305 turns).

raph the Executioner (Minotaur Berserker)          Turns: 31305, Time: 00:39:58

Health: -9/146     AC: 19    Str: 22    XL:     16   Next: 62%
Magic:  15/15      EV: 24    Int:  4    God:    Trog [*****.]
Gold:   1795       SH:  0    Dex: 16    Spells: 15/15 levels left

rFire   . . .        a - +5 executioner's axe (heavy)
rCold   . . .        (shield currently unavailable)
rNeg    . . .        n - +2 leather armour of the Heavens {Str+2}
rPois   +            m - +2 hat
rElec   .            i - +2 cloak {rPois}
rCorr   .            F - +2 pair of gloves
SInv    .            s - +2 pair of boots of Elyvilon's Reproof {+Blink Fly Str-4}
Will    +++..        U - amulet of the acrobat
Stlth   +            l - ring of flight
HPRegen 1.44/turn    o - +5 ring of evasion
MPRegen 0.14/turn

%: acrobat
@: strong-willed, flying, regenerating
A: horns 2, retaliatory headbutt
a: Renounce Religion, Evoke Blink, Berserk, Trog's Hand, Brothers in Arms


You were on level 1 of the Swamp.
You worshipped Trog.
Trog was extremely pleased with you.
You visited 4 branches of the dungeon, and saw 23 of its levels.
You visited the Abyss 1 time.
You visited 1 bazaar.

You collected 3730 gold pieces.
You spent 1935 gold pieces at shops.

Inventory:

Hand Weapons
 a - a +5 heavy executioner's axe (weapon)
 b - a +0 war axe of flaming
 w - a +2 longbow of flaming
Missiles
 f - 30 poisoned darts
 u - 6 curare-tipped darts
 I - 7 boomerangs of dispersal
 K - 9 javelins
 L - 19 boomerangs (quivered)
 Q - 3 throwing nets
Armour
 i - a +2 cloak of poison resistance (worn)
 m - a +2 hat (worn)
 n - the +2 leather armour of the Heavens (worn) {Str+2}
   (You found it on level 2 of the Dungeon)

   Str:       It affects your strength (+2).
 s - the +2 pair of boots of Elyvilon's Reproof (worn) {+Blink Fly Str-4}
   (You acquired it on level 5 of the Lair of Beasts)

   Str:       It affects your strength (-4).
   Fly:       It grants you flight.
   +Blink:    It lets you blink.
 F - a +2 pair of gloves (worn)
Jewellery
 j - a ring of protection from cold
 l - a ring of flight (left hand)
 o - a +5 ring of evasion (right hand)
 r - a ring of protection from fire
 B - a ring of resist corrosion
 J - a ring of protection from fire
 P - a ring of see invisible
 U - an amulet of the acrobat (around neck)
 Y - a ring of poison resistance
Wands
 t - a wand of iceblast (17)
 y - a wand of light (13)
 z - a wand of flame (70)
 A - a wand of mindburst (3)
 X - a wand of charming (4)
Scrolls
 d - 7 scrolls of poison
 e - 11 scrolls of magic mapping
 x - 2 scrolls of enchant armour
 C - 3 scrolls of blinking
 G - 3 scrolls of fear
 H - 14 scrolls of teleportation
 N - 2 scrolls of summoning
 V - 14 scrolls of identify
 Z - 2 scrolls of immolation
Potions
 c - 8 potions of attraction
 g - 13 potions of curing
 h - 5 potions of heal wounds
 k - 3 potions of lignification
 p - 11 potions of ambrosia
 q - a potion of mutation
 v - a potion of invisibility
 D - a potion of magic
 E - 4 potions of haste
 R - 2 potions of berserk rage
 S - a potion of cancellation
 W - 3 potions of might
Miscellaneous
 O - a phial of floods


   Skills:
 + Level 14.1 Fighting
 - Level 24.0 Axes
 - Level 3.3 Ranged Weapons
 - Level 6.9 Throwing
 + Level 13.8 Armour
 + Level 12.7 Dodging
 + Level 7.9 Evocations


You had 15 spell levels left.
You didn't know any spells.
Your spell library was empty.

Dungeon Overview and Level Annotations

Branches:
Dungeon (15/15)            Temple (0/1) D:7            Lair (5/5) D:10
  Swamp (1/4) Lair:3       Spider (0/4) Lair:2        Slime (0/5) Lair:4
    Orc (2/2) D:11            Elf (0/3) Orc:2        Vaults (0/5) D:13
 Depths (0/4) D:15

Altars:
Ashenzari
Dithmenos
Hepliaklqana
Nemelex Xobeh
Okawaru
Ru
Sif Muna
Uskayaw
Xom
Jiyva
Lugonu

Shops:
Orc:1 !   Orc:2 ?[*=(

Portals:
Abyss: D:14*

Annotations:
D:5 2 transporters
D:12 1 runed translucent door
Lair:2 3 runed translucent doors, arta456's ghost, journeyman DECj
Lair:4 1 runed translucent door, Juirae's ghost, journeyman TrMo


Innate Abilities, Weirdness & Mutations

You have a pair of horns on your head.
You reflexively headbutt those who attack you in melee.


Message History

The alligator completely misses you. 2 foxfires come into view.
You cut the alligator into ribbons!!!
The alligator is heavily wounded.
The foxfire hits your troll!!
Your troll dies!
Your troll's corpse disappears in a puff of smoke!
The alligator bites you but does no damage.
The alligator completely misses you.
A ghoul comes into view.
You slice the alligator!!
The alligator is almost dead.
The alligator misses you. The alligator closely misses you.
You slice the alligator like a ripe choko!!!
You kill the alligator!
Trog accepts your kill.
The briar patch crumbles away. x2
The will-o-the-wisp gestures.
The will-o-the-wisp conjures some foxfire!
The foxfire hits you! 2 foxfires come into view.
You slice the ghoul!! Your headbutt misses the ghoul.
The ghoul is lightly damaged.
You chop the ghoul into pieces!!!!
The briar patch crumbles away.
The foxfire hits you!!
* * * LOW HITPOINT WARNING * * *
The ghoul completely misses you. You furiously retaliate!
You headbutt the ghoul! The ghoul claws you.
* * * LOW HITPOINT WARNING * * *
The ghoul closely misses you. x2
The will-o-the-wisp gestures.
The will-o-the-wisp conjures some foxfire! 2 foxfires come into view.
You carve the ghoul like a ham!!! You headbutt the ghoul.
The ghoul is heavily damaged.
You closely miss the ghoul. You slash the foxfire!
The briar patch crumbles away. x3; The foxfire hits you!!
* * * LOW HITPOINT WARNING * * *
The foxfire hits you!
You die...

♣♣~§.~..♣
♣..~§..§♣
♣tivv§.~♣
♣i.PPPv.~♣
♣♣.PP.~P.~~~
♣.(§§~~....$.
♣♣.§n.~.~~♣.~.
♣.vn.§~~~.. .~
♣.@.~~~..~.~ .
♣♣.n~.§.~...~
♣♣♣.....~
...~~. .~...
.~~~♣ .?~♣
...~


You could see 3 ghouls, an alligator (swift), 2 spriggan riders and a
will-o-the-wisp.

Vanquished Creatures
  Rupert (D:15)
  Mlioglotl (Lair:3)
  Frances (D:13)
  2 tentacled starspawn (D:14)
  Kirke (D:13)
  Gastronok (Lair:1)
  A thorn hunter (Lair:3)
  A frost giant (D:13)
  An ironbound preserver (D:13)
  Nessos (D:13)
  An eleionoma (Swamp:1)
  A bunyip (Swamp:1)
  Snorg (D:13)
  An ettin (D:15)
  Josephine (D:11)
  3 hydras
  An ice dragon (shapeshifter) (D:15)
  Fannar (Lair:1)
  Harold (D:9)
  A rakshasa (D:13)
  An ogre mage (D:12)
  A catoblepas (D:13)
  6 boulder beetles
  9 centaur warriors
  An alligator (Swamp:1)
  3 two-headed ogres
  2 tengu warriors
  Urug (D:11)
  15 death yaks
  A hell knight (D:13)
  2 orc high priests (Orc:2)
  Nergalle (Lair:2)
  Sonja (Lair:2)
  2 skysharks
  A sun demon (Abyss:2)
  9 skeletal warriors
  A fire crab (shapeshifter) (D:13)
  An obsidian statue (D:14)
  2 deep trolls (D:15)
  2 swamp dragons
  2 bog bodies
  3 wizards (D:14)
  A lindwurm (Lair:5)
  4 deep elf pyromancers
  Pikel (D:7)
  2 orc knights (Orc:2)
  A wolf spider zombie (D:7)
  A necromancer (D:15)
  5 orc sorcerers
  10 ugly things
  2 manticores
  5 cyclopes
  4 centaur zombies (D:7)
  An eye of devastation (shapeshifter) (D:15)
  Joseph (D:7)
  5 black mambas
  Maurice (D:13)
  5 elephants
  2 gargoyles
  17 cane toads
  2 torpor snails
  A freezing wraith (Lair:1)
  3 rime drakes
  12 komodo dragons
  4 tengu conjurers
  3 ice devils (Lair:1)
  3 efreet
  A merfolk (shapeshifter) (D:13)
  13 polar bears
  2 trolls
  A tyrant leech (Swamp:1)
  A bloated husk (Swamp:1)
  4 meliai
  2 hellwings
  A queen bee (Lair:2)
  7 hornets
  A wind drake (shapeshifter) (D:14)
  3 dream sheep (Lair:5)
  15 blink frogs
  21 slime creatures
  62 yaks
  2 culicivoras (Lair:2)
  6 wraiths
  A vampire (D:13)
  17 spriggans
  3 hogs (D:13)
  2 shadows
  6 wyverns
  5 basilisks
  A steam dragon (D:7)
  6 vampire mosquitoes
  3 wargs (Orc:2)
  13 water moccasins
  2 swamp worms (Lair:3)
  2 acid dragons
  30 orc warriors
  2 swamp drakes
  An ice beast (D:7)
  2 sky beasts
  A hornet zombie (D:7)
  4 ogres
  3 black bears (Lair:5)
  17 wolves
  4 centaurs
  4 boggarts
  A lemure (D:7)
  A phantom (D:6)
  A kobold brigand (D:8)
  10 bullfrogs
  2 gnoll sergeants
  5 scorpions
  3 wights (D:6)
  26 killer bees
  9 howler monkeys
  3 electric eels (D:8)
  4 jellies
  27 orc priests
  4 hounds
  A gnoll bouda (D:5)
  4 sleepcaps
  8 starcursed masses (D:14)
  A boggart zombie (D:7)
  2 iguanas
  30 orc wizards
  A boggart simulacrum (D:14)
  17 gnolls
  11 adders
  6 shadow imps
  2 white imps
  An ufetubus (D:6)
  A worm (D:3)
  4 dart slugs
  75 orcs
  9 endoplasms
  5 giant cockroaches
  4 goblins
  10 hobgoblins
  4 jackals (D:5)
  8 quokkas
  4 ball pythons
  8 bats
  3 frilled lizards
  8 kobolds
  5 rats
  A briar patch (Swamp:1)
  2 starspawn tentacles (D:14)
788 creatures vanquished.

Vanquished Creatures (collateral kills)
  Saint Roka (Orc:2)
  An orc knight (Orc:2)
  A will-o-the-wisp (Swamp:1)
  An orc warrior (Orc:2)
  2 orc priests (Orc:2)
  3 orc wizards (Orc:2)
9 creatures vanquished.

Vanquished Creatures (others)
  A spriggan berserker (Swamp:1)
  An orc priest (Orc:2)
  An orc (D:14)
  A briar patch (Swamp:1)
  12 foxfires (Swamp:1)
  37 fungi
  52 plants
  2 starspawn tentacles (D:14)
  8 withered plants (D:7)
115 creatures vanquished.

Grand Total: 912 creatures vanquished

Notes
Turn   | Place    | Note
-------+----------+-------------------------------------------
     0 | D:1      | raph the Minotaur Berserker began the quest for the Orb.
     0 | D:1      | Reached XP level 1. HP: 19/19 MP: 0/0
    96 | D:1      | Reached skill level 4 in Axes
   247 | D:1      | Reached XP level 2. HP: 22/26 MP: 1/1
   972 | D:2      | Reached skill level 5 in Axes
   986 | D:2      | Reached XP level 3. HP: 31/31 MP: 2/2
  1176 | D:2      | Found a faded altar of an unknown god.
  1184 | D:2      | Identified the +2 leather armour of the Heavens {Str+2}
  1598 | D:2      | Reached XP level 4. HP: 39/39 MP: 3/3
  1636 | D:2      | Reached ** piety under Trog
  1637 | D:2      | Reached skill level 6 in Axes
  2171 | D:3      | Reached XP level 5. HP: 45/45 MP: 4/4
  2261 | D:3      | Reached skill level 7 in Axes
  2340 | D:3      | Found an iron altar of Okawaru.
  2340 | D:3      | Found a shimmering blue altar of Sif Muna.
  2473 | D:3      | Found a shadowy altar of Dithmenos.
  2821 | D:3      | Reached skill level 8 in Axes
  3094 | D:4      | Reached XP level 6. HP: 48/51 MP: 5/5
  3218 | D:4      | Reached *** piety under Trog
  3654 | D:5      | Entered Level 5 of the Dungeon
  3691 | D:5      | Found a broken altar of Ashenzari.
  3764 | D:5      | Found a hazy altar of Hepliaklqana.
  3769 | D:5      | Found a transporter.
  3844 | D:5      | Reached skill level 9 in Axes
  4013 | D:5      | Reached XP level 7. HP: 57/57 MP: 6/6
  4017 | D:5      | Found a sacrificial altar of Ru.
  4137 | D:5      | Reached skill level 10 in Axes
  4570 | D:5      | Found a transporter.
  4788 | D:6      | Reached skill level 11 in Axes
  5254 | D:6      | Reached XP level 8. HP: 59/64 MP: 7/7
  5410 | D:6      | Reached skill level 12 in Axes
  6078 | D:6      | Reached **** piety under Trog
  6368 | D:6      | Reached skill level 13 in Axes
  6674 | D:7      | Noticed Pikel
  6677 | D:7      | Noticed a hellwing
  6682 | D:7      | Killed Pikel
  6683 | D:7      | Reached skill level 14 in Axes
  6683 | D:7      | Reached XP level 9. HP: 71/71 MP: 8/8
  6693 | D:7      | Reached skill level 5 in Fighting
  6701 | D:7      | Reached skill level 5 in Armour
  6701 | D:7      | Reached skill level 5 in Dodging
  6701 | D:7      | Killed a hellwing
  6838 | D:7      | Noticed a hellwing
  6971 | D:6      | Killed a hellwing
  7408 | D:7      | Reached XP level 10. HP: 81/86 MP: 9/9
  7429 | D:7      | Noticed Joseph
  7448 | D:7      | Killed Joseph
  8273 | D:7      | Found a staircase to the Ecumenical Temple.
  8876 | D:8      | Found a sparkling altar of Nemelex Xobeh.
  9102 | D:8      | Identified the staff of conjuration "Pagrebub" {rCorr Str-5
                  | Int+3 Dex+5}
  9935 | D:9      | Reached XP level 11. HP: 97/97 MP: 10/10
 10341 | D:9      | Noticed Harold
 10353 | D:9      | Killed Harold
 10662 | D:9      | Reached skill level 10 in Fighting
 10889 | D:10     | Entered Level 10 of the Dungeon
 10960 | D:10     | Noticed a two-headed ogre
 10967 | D:10     | Killed a two-headed ogre
 11136 | D:10     | Noticed a death yak
 11142 | D:10     | Noticed a death yak
 11145 | D:10     | Noticed a death yak
 11147 | D:10     | Killed a death yak
 11148 | D:10     | Reached skill level 1 in Throwing
 11148 | D:10     | Reached skill level 1 in Evocations
 11149 | D:10     | Noticed a death yak
 11149 | D:10     | Noticed a death yak
 11150 | D:10     | Noticed a death yak
 11156 | D:10     | Killed a death yak
 11161 | D:10     | Noticed a death yak
 11334 | D:10     | Noticed a two-headed ogre
 11346 | D:10     | Killed a two-headed ogre
 11347 | D:10     | Reached skill level 10 in Armour
 11409 | D:10     | Found a staircase to the Lair.
 11424 | D:9      | Killed a death yak
 11683 | D:9      | Killed a death yak
 11701 | D:9      | Killed a death yak
 11919 | D:9      | Killed a death yak
 11942 | D:10     | Killed a death yak
 11943 | D:10     | Reached XP level 12. HP: 65/108 MP: 11/11
 13032 | D:11     | Noticed Urug
 13042 | D:11     | Killed Urug
 13344 | D:11     | Noticed Josephine
 13355 | D:11     | Killed Josephine
 13418 | D:11     | Found a staircase to the Orcish Mines.
 13586 | Lair:1   | Entered Level 1 of the Lair of Beasts
 13595 | Lair:1   | Reached skill level 15 in Axes
 13595 | Lair:1   | Reached skill level 10 in Dodging
 13858 | Lair:1   | Noticed Gastronok
 13877 | Lair:1   | Killed Gastronok
 13878 | Lair:1   | Reached skill level 1 in Ranged Weapons
 14054 | Lair:1   | Reached ***** piety under Trog
 14117 | Lair:1   | Noticed Fannar
 14137 | Lair:1   | Killed Fannar
 14387 | Lair:1   | Noticed a death yak
 14401 | Lair:1   | Killed a death yak
 14646 | Lair:1   | Identified the staff of earth "Qotunk" {Dex+5}
 14968 | Lair:1   | Reached skill level 5 in Evocations
 15067 | Lair:1   | Reached XP level 13. HP: 117/117 MP: 12/12
 15338 | Lair:2   | Noticed Nergalle
 15599 | Lair:2   | Killed Nergalle
 16338 | Lair:2   | Received a gift from Trog
 16441 | Lair:2   | Found a hole to the Spider Nest.
 16526 | Lair:2   | Reached skill level 16 in Axes
 16942 | Lair:2   | Found a runed translucent gate.
 16942 | Lair:2   | Found a runed translucent gate.
 16942 | Lair:2   | Found a runed translucent gate.
 16944 | Lair:2   | Noticed arta456's ghost (journeyman DECj)
 16971 | Lair:2   | Reached skill level 17 in Axes
 17005 | Lair:2   | Found a viscous altar of Jiyva.
 17250 | Lair:2   | Noticed Sonja
 17258 | Lair:2   | Killed Sonja
 17608 | Lair:3   | Identified the +7 sling "Zudain" {heavy, Will- Dex+5}
 17775 | Lair:3   | Found a staircase to the Swamp.
 18460 | Lair:4   | Reached skill level 18 in Axes
 18942 | Lair:4   | Found a staircase to the Slime Pits.
 19081 | Lair:4   | Found a runed translucent door.
 19082 | Lair:4   | Found a shimmering altar of Xom.
 19082 | Lair:4   | Noticed Juirae's ghost (journeyman TrMo)
 19398 | Lair:4   | Reached skill level 19 in Axes
 19398 | Lair:4   | Reached XP level 14. HP: 126/126 MP: 13/13
 19782 | Lair:5   | Entered Level 5 of the Lair of Beasts
 19813 | Lair:5   | Received a gift from Trog
 20036 | Lair:5   | Reached skill level 20 in Axes
 20670 | Lair:5   | Reached skill level 21 in Axes
 20678 | Lair:5   | Found the +7 great mace "Undeadhunter" {deathbane, rN+}
 20775 | Lair:5   | Identified a scroll of acquirement
 21105 | Lair:5   | Received a gift from Trog
 21423 | Lair:5   | Acquired the +2 pair of boots of Elyvilon's Reproof {+Blink
                  | Fly Str-4}
 21621 | Orc:1    | Entered Level 1 of the Orcish Mines
 22047 | Orc:2    | Entered Level 2 of the Orcish Mines
 22196 | Orc:2    | Reached skill level 22 in Axes
 22345 | Orc:2    | Found a staircase to the Elven Halls.
 22437 | Orc:2    | Noticed Saint Roka
 22703 | Orc:2    | Killed Saint Roka
 22707 | Orc:2    | Reached XP level 15. HP: 106/133 MP: 14/14
 22959 | Orc:2    | Found Eniox's Antique Weapon Shoppe.
 23104 | Orc:2    | Found Zekujaoz's General Store.
 23112 | Orc:2    | Bought 2 potions of haste for 280 gold pieces
 23121 | Orc:2    | Found Reno's Antique Armour Shoppe.
 23129 | Orc:2    | Bought a runed cloak for 217 gold pieces
 23140 | Orc:2    | Found Xizuaw's Jewellery Shoppe.
 23250 | Orc:2    | Found Hakuohuc's Magic Scroll Emporium.
 23253 | Orc:2    | Bought a scroll of blinking for 105 gold pieces
 23253 | Orc:2    | Bought a scroll of teleportation for 42 gold pieces
 23253 | Orc:2    | Bought a scroll of magic mapping for 105 gold pieces
 23253 | Orc:2    | Bought a scroll of magic mapping for 105 gold pieces
 23760 | Orc:1    | Found Piaqotet's Distillery.
 23773 | Orc:1    | Bought a potion of heal wounds for 80 gold pieces
 23773 | Orc:1    | Bought a potion of heal wounds for 80 gold pieces
 23773 | Orc:1    | Bought a potion of might for 64 gold pieces
 24053 | Orc:2    | Bought a runed battleaxe for 199 gold pieces
 24562 | D:12     | Found a runed translucent door.
 24568 | D:12     | Noticed a frost giant
 24570 | D:12     | Reached skill level 23 in Axes
 25289 | D:12     | Noticed a fire giant
 25564 | D:13     | Found a hide-covered altar of Uskayaw.
 25706 | D:13     | Noticed Frances
 25714 | D:13     | Killed Frances
 25857 | D:13     | Noticed a frost giant
 25866 | D:13     | Killed a frost giant
 25867 | D:13     | Reached skill level 24 in Axes
 25870 | D:13     | Received a gift from Trog
 25894 | D:13     | Found the +5 glaive of the Guard {elec, spectral, AC+5}
 26250 | D:13     | Noticed Kirke
 26259 | D:13     | Noticed a sphinx
 26259 | D:13     | Killed Kirke
 26432 | D:13     | Noticed Nessos
 26434 | D:13     | Reached skill level 5 in Throwing
 26445 | D:13     | Killed Nessos
 26602 | D:13     | Noticed Snorg
 26617 | D:13     | Killed Snorg
 27035 | D:13     | Noticed Maurice
 27046 | D:13     | Killed Maurice
 27405 | D:13     | Found a gate to the Vaults.
 27925 | D:14     | Found a gateway to a bazaar.
 27956 | Bazaar   | Entered a bazaar
 27956 | Bazaar   | Found Honawato's Book Shoppe.
 27956 | Bazaar   | Found Urelul's Antique Armour Shoppe.
 28105 | Bazaar   | Found Raroasib's Magic Scroll Boutique.
 28113 | Bazaar   | Bought a scroll of enchant weapon for 105 gold pieces
 28113 | Bazaar   | Bought a scroll of fear for 56 gold pieces
 28118 | Bazaar   | Found Mineb's Antique Weapon Emporium.
 28146 | Bazaar   | Found Ulokipto's General Store.
 28173 | Bazaar   | Bought a scroll of teleportation for 42 gold pieces
 28173 | Bazaar   | Bought a scroll of teleportation for 42 gold pieces
 28173 | Bazaar   | Bought a scroll of summoning for 133 gold pieces
 28173 | Bazaar   | Bought a scroll of summoning for 133 gold pieces
 28173 | Bazaar   | Bought a scroll of teleportation for 42 gold pieces
 28173 | Bazaar   | Bought a scroll of magic mapping for 105 gold pieces
 28726 | D:14     | Found a one-way gate to the infinite horrors of the Abyss.
 28764 | D:14     | Found a corrupted altar of Lugonu.
 28768 | D:14     | Noticed a tentacled starspawn
 28771 | D:14     | Found a corrupted altar of Lugonu.
 28774 | D:14     | Killed a tentacled starspawn
 28779 | D:14     | Reached XP level 16. HP: 143/143 MP: 15/15
 28779 | Abyss:2  | Cast into level 2 of the Abyss (a wizard)
 28793 | Abyss:2  | Found a corrupted altar of Lugonu.
 28862 | D:14     | Escaped the Abyss
 28904 | D:14     | Noticed a tentacled starspawn
 28908 | D:14     | Killed a tentacled starspawn
 28936 | D:14     | Found the +8 demon trident "Rift" {distort, reach+}
 29066 | D:15     | Entered Level 15 of the Dungeon
 29506 | D:15     | Noticed Rupert
 29520 | D:15     | Killed Rupert
 29787 | D:15     | Found a staircase to the Depths.
 30430 | Swamp:1  | Entered Level 1 of the Swamp
 30430 | Swamp:1  | Noticed Mlioglotl
 30430 | Swamp:1  | Noticed a thorn hunter
 30583 | Lair:3   | Killed Mlioglotl
 30784 | Lair:3   | Killed a thorn hunter
 31214 | Swamp:1  | Reached ****** piety under Trog
 31295 | Swamp:1  | Noticed a thorn hunter
 31305 | Swamp:1  | HP: 2/146 [will-o-the-wisp/foxfire (18)]
 31305 | Swamp:1  | Killed from afar by a will-o-the-wisp

Illustrated notes

Levels and vault maps discovered:
D:1:      dpeg_arrival_tiny_f, layout_basic, minmay_3d_cube
D:2:      layout_basic, ebering_ecumenical_altar_sacrificial,
          serial_co_window_serial, co_window_paths_a,
          co_window_of_opportunity_a, co_window_paths_a, co_window_corner_a,
          co_window_paths_a, co_window_cross_1, co_window_paths_c,
          co_window_corner_b, co_window_broadway_a, co_window_unsneaky_path_c,
          co_window_broadway_a, glass_columns_a, glass_columns_b,
          glass_columns_a, minmay_indecisive_spiral
D:3:      layout_basic, nicolae_dithmenos_shadow_blocks,
          mainiacjoe_overflow_divided_tiny, hellmonk_no_cap
D:4:      layout_basic, nicolae_concentric_dashed_squares_wild,
          kennysheep_generic_room_3
D:5:      layout_layer_cave, gammafunk_temple_overflow_arena,
          mainiacjoe_overflow_six_doors_small, evilmike_ruin_ashenzari,
          saegor_snake_ambush
D:6:      layout_loops_cross, grunt_decor_junction
D:7:      cheibrodos_grave_circle, layout_rooms, minmay_temple_entry_nine_rooms,
          uniq_pikel, uniq_joseph
D:8:      hellmonk_ruined_rings, layout_cave_pools,
          nemelex_xobeh_ov_fountains_minmay, water_maze_lemuel
D:9:      layout_irregular_city, uniq_harold
D:10:     layout_basic, dpeg_lair_monsters, minivault_26,
          kennysheep_generic_room_12
D:11:     layout_basic, orc_0_dummy, uniq_urug, uniq_josephine
D:12:     layout_basic, minmay_hidden_floor
D:13:     minmay_guarded_unrand_guard, layout_irregular_city,
          skrybe_vaults_entry_preservation, nrook_loot_triangle,
          dancing_weapons_uskayaw, uniq_kirke, uniq_maurice, uniq_nessos,
          uniq_frances, uniq_snorg
D:14:     layout_basic, minmay_misc_feat_columns, serial_shops, statue_bzr,
          hellmonk_guarded_unrand_rift
D:15:     hangedman_depths_entry_civil_slaughter, layout_gridville,
          serial_park_square2, uniq_rupert
Lair:1:   dreamdust_isle_of_ice, layout_small_grid, gauntlet_entry_generic,
          serial_bayou_lagoon_a, grunt_megastairs_5, lemuel_fruit_tree,
          infiniplex_staircase_pool, uniq_fannar, uniq_gastronok
Lair:2:   layout_gridlike, hellmonk_spider_entry_life_and_decay, special_room
          [special_room_bee], gammafunk_ghost_ooze, nzn_random_ring, uniq_sonja,
          uniq_nergalle
Lair:3:   layout_regular_city, swamp_mist, serial_bayou_pond_b,
          grunt_megastairs_4, serial_bayou_shore_b
Lair:4:   layout_roguey, minmay_slime_entry_pillars, ebering_ghost_xom
Lair:5:   minmay_lair_end_enchanted_forest, layout_regular_city,
          grunt_megastairs_1
Swamp:1:  layout_basic_swamp, hangedman_swamp_blocks, swamp_pool1,
          hangedman_swamp_wriggling, uniq_mlioglotl, uniq_jorgrun
Orc:1:    layout_caves, serial_shops, nicolae_shop_industrial_runoff,
          nicolae_orc_sculptors_studio
Orc:2:    grunt_orc_cross, layout_caves, serial_shops, nicolae_shop_behind_doors

Skill      XL: |  1  2  3  4  5  6  7  8  9 10 11 12 13 14 15 16 |
---------------+-------------------------------------------------+-----
Axes           | 4 5 6 8 9 11 14 15 19 22 24 | 24.0
Fighting       | 4 7 9 10 11 12 13 14 | 14.1
Armour         | 6 9 10 11 12 13 | 13.8
Dodging        | 6 8 9 10 11 12 | 12.7
Throwing       | 3 4 6 |  6.9
Evocations     | 3 5 6 7 |  7.9
Ranged Weapons | 3 |  3.3

Action                     |  1- 3 |  4- 6 |  7- 9 | 10-12 | 13-15 | 16-18 || total
---------------------------+-------+-------+-------+-------+-------+-------++-------
  Melee: Hand axe          |    85 |   116 |   197 |    78 |       |       ||   476
         Headbutt          |     8 |    20 |    32 |   126 |   122 |    26 ||   334
         Punch             |     1 |     1 |     4 |     3 |       |       ||     9
         War axe           |       |       |       |   374 |   112 |       ||   486
         Battleaxe         |       |       |       |       |   169 |       ||   169
         Morningstar       |       |       |       |       |     1 |       ||     1
         Executioner's axe |       |       |       |       |   441 |   143 ||   584
         Great mace        |       |       |       |       |     5 |       ||     5
   Fire: Shortbow          |       |       |       |    21 |       |       ||    21
         Sling             |       |       |       |       |     6 |       ||     6
         Longbow           |       |       |       |       |    35 |       ||    35
  Throw: Dart              |       |       |       |    30 |     2 |     2 ||    34
         Boomerang         |       |       |       |       |    36 |     9 ||    45
 Invoke: Berserk           |       |     3 |     8 |    20 |    21 |     4 ||    56
         Trog's Hand       |       |       |       |     1 |     7 |     3 ||    11
         Brothers in Arms  |       |       |       |       |     2 |     1 ||     3
  Evoke: Wand              |       |       |       |     2 |       |       ||     2
    Use: Scroll            |       |    12 |     5 |    12 |    12 |     1 ||    42
         Potion            |       |       |     1 |       |       |     2 ||     3
 Armour: Animal skin       |    21 |       |       |       |       |       ||    21
         Leather armour    |     9 |    44 |    82 |    94 |   246 |    61 ||   536
  Dodge: Dodged            |    47 |    54 |   165 |   337 |   983 |   185 ||  1771
  Block: Kite shield       |       |       |       |     8 |    53 |       ||    61
